 Dungeon Crawl Stone Soup version 0.31-a0-246-g8cbcc1cb85 (webtiles) character file.

Game seed: 8732332917522148191

153 qw the Shooter (level 5, -2/45 HPs)
             Began as a Minotaur Hexslinger on July 12, 2023.
             Slain by Ijyb
             ... wielding a +0 dagger
              (3 damage)
             ... on level 3 of the Dungeon.
             The game lasted 00:00:53 (2105 turns).

qw the Shooter (Minotaur Hexslinger)                Turns: 2105, Time: 00:00:54

Health: -2/45      AC:  7    Str: 12    XL:     5   Next: 12%
Magic:  5/5        EV: 17    Int: 10    God:
Gold:   123        SH:  0    Dex: 18    Spells: 5/6 levels left

rFire   + . .        l - +0 shortbow
rCold   . . .        (shield currently unavailable)
rNeg    . . .        k - +2 leather armour "Imihor" {Fly rF+ Dex+3}
rPois   .            g - +2 hat
rElec   .            (no cloak)
rCorr   .            (no gloves)
SInv    +            (no boots)
Will    .....        (no amulet)
Stlth   +            a - +5 ring of evasion
HPRegen 0.27/turn    m - ring of see invisible
MPRegen 0.09/turn

%: no passive effects
@: about to teleport, flying
A: horns 2, retaliatory headbutt
a: no special abilities


You were on level 3 of the Dungeon.
You visited 1 branch of the dungeon, and saw 3 of its levels.

You collected 172 gold pieces.
You spent 49 gold pieces at shops.


Innate Abilities, Weirdness & Mutations

You have a pair of horns on your head.
You reflexively headbutt those who attack you in melee.


   Skills:
 - Level 3.0 Fighting
 + Level 5.2 Ranged Weapons
 - Level 2.1 Dodging
 - Level 1.0 Spellcasting
 - Level 2.0 Hexes


You had 5 spell levels left.
You knew the following spells:

 Your Spells              Type           Power      Damage    Failure   Level
a - Slow                  Hex            16%        N/A       19%         1

Your spell library contained the following spells:

 Spells                   Type           Power      Damage    Failure   Level
 Inner Flame              Hex/Fire       2%         N/A       65%         3
 Portal Projectile        Hex/Tloc       4%         N/A       65%         3
 Cause Fear               Hex            2%         N/A       88%         4

Inventory:

Hand Weapons
 l - a +0 shortbow (weapon)
Armour
 c - a +0 pair of gloves
 g - a +2 hat (worn)
 k - the +2 leather armour "Imihor" (worn) {Fly rF+ Dex+3}
   (You found it on level 2 of the Dungeon)

   Dex:       It affects your dexterity (+3).
   rF:        It protects you from fire.
   Fly:       It grants you flight.
Jewellery
 a - a +5 ring of evasion (left hand)
 m - a ring of see invisible (right hand)
Scrolls
 b - a scroll of teleportation
 d - a scroll of vulnerability {unknown}
 f - a scroll of identify
Potions
 e - a potion of mutation {unknown}

Dungeon Overview and Level Annotations

Branches:
Dungeon (3/15)

Altars:
Fedhas

Shops:
D:3 [

Annotations:
D:3 Ijyb


Message History

The gnoll closely misses you. The gnoll closely misses you.
Ijyb hits you with a +0 dagger. The gnoll closely misses you.
The gnoll hits you with a +0 flail. Ijyb hits you but does no damage.
The gnoll barely misses you. The gnoll hits you with a +0 flail.
Ijyb hits you with a +0 dagger. The gnoll barely misses you.
The gnoll misses you. Ijyb hits you with a +0 dagger.
The gnoll barely misses you. The gnoll hits you with a +0 flail.
Ijyb hits you with a +0 dagger. The gnoll barely misses you.
The gnoll barely misses you. Ijyb hits you but does no damage.
The gnoll misses you. The gnoll completely misses you. Ijyb barely misses you.
The gnoll misses you. The gnoll hits you with a +0 flail. Ijyb misses you.
The gnoll closely misses you. The gnoll closely misses you.
Ijyb hits you with a +0 dagger. The gnoll barely misses you.
You feel less confused. The gnoll misses you.
Ijyb zaps a wand.
You resist with some effort. The gnoll hits you but does no damage.
You shoot an arrow. The arrow closely misses the gnoll.
The gnoll misses you. You furiously retaliate!
You headbutt the gnoll. Ijyb hits you but does no damage.
The gnoll hits you from afar with a +0 spear.
2103 ||| READING 2 scrolls of teleportation.
As you read the scroll of teleportation, it crumbles to dust.
You feel strangely unstable. The gnoll hits you with a +0 flail.
Ijyb closely misses you.
The gnoll hits you from afar with a +0 spear.
You shoot an arrow.
The arrow hits the gnoll but does no damage.
The gnoll is heavily wounded.
The gnoll barely misses you. You furiously retaliate!
You headbutt the gnoll, but do no damage.
Ijyb hits you with a +0 dagger. The gnoll closely misses you.
You shoot an arrow. The arrow hits the gnoll.
The gnoll is heavily wounded.
The gnoll closely misses you. Ijyb hits you with a +0 dagger.
You die...

..# ..# ..### ....### .
#.#...# ####.. #.###.#
#...... #># #.## ....#
#.# #..## ###gg..# #.#
##..# ##.@gg..## #.#
##.######..##...<#
#.#####.##..>..##...#...
....................###..
#.###......###...........
#.#...##.####..##..###...
....####.# ##.###.##
..### #.###..###.# ..#
#.##..###..#


You could see Ijyb and 3 gnolls.

Vanquished Creatures
  Jessica (D:2)
  Terence (D:2)
  4 adders (D:2)
  3 worms (D:2)
  2 dart slugs
  10 bats
  7 endoplasms
  3 giant cockroaches
  5 goblins
  4 hobgoblins
  2 quokkas
  4 ball pythons
  2 frilled lizards (D:2)
  3 kobolds
  A rat (D:2)
52 creatures vanquished.

Notes
Turn   | Place    | Note
-------+----------+-------------------------------------------
     0 | D:1      | qw the Minotaur Hexslinger began the quest for the Orb.
     0 | D:1      | Reached XP level 1. HP: 16/16 MP: 1/1
     0 | D:1      | 0 ||| qw: Version: 0.3-a-52-g30416fa
     0 | D:1      | 0 ||| qw: Game counter: 6283
     0 | D:1      | 0 ||| qw: Melee chars always use a shield: true
     0 | D:1      | 0 ||| qw: God list: Okawaru
     0 | D:1      | 0 ||| qw: Allow faded altars: false
     0 | D:1      | 0 ||| qw: Do Orc after clearing Dungeon:15 true
     0 | D:1      | 0 ||| qw: Do second Lair branch before Depths: true
     0 | D:1      | 0 ||| qw: Lair rune preference: random
     0 | D:1      | 0 ||| qw: Goals: Normal
     0 | D:1      | 0 ||| PLANNING D:1-11
   171 | D:1      | Reached skill level 3 in Ranged Weapons
   175 | D:1      | Reached XP level 2. HP: 23/23 MP: 2/2
   188 | D:1      | 188 ||| FLEEEEING.
   189 | D:1      | 189 ||| FLEEEEING.
   190 | D:1      | 190 ||| FLEEEEING.
   191 | D:1      | 191 ||| FLEEEEING.
   192 | D:1      | 192 ||| FLEEEEING.
   193 | D:1      | 193 ||| FLEEEEING.
   194 | D:1      | 194 ||| FLEEEEING.
   195 | D:1      | 195 ||| FLEEEEING.
   196 | D:1      | 196 ||| FLEEEEING.
   197 | D:1      | 197 ||| FLEEEEING.
   198 | D:1      | 198 ||| FLEEEEING.
   199 | D:1      | 199 ||| FLEEEEING.
   200 | D:1      | 200 ||| FLEEEEING.
   201 | D:1      | 201 ||| FLEEEEING.
   202 | D:1      | 202 ||| FLEEEEING.
   203 | D:1      | 203 ||| FLEEEEING.
   204 | D:1      | 204 ||| FLEEEEING.
   205 | D:1      | 205 ||| FLEEEEING.
   206 | D:1      | 206 ||| FLEEEEING.
   207 | D:1      | 207 ||| FLEEEEING.
   208 | D:1      | 208 ||| FLEEEEING.
   209 | D:1      | 209 ||| FLEEEEING.
   210 | D:1      | 210 ||| FLEEEEING.
   211 | D:1      | 211 ||| FLEEEEING.
  1017 | D:1      | 1017 ||| UPGRADING to +2 hat.
  1022 | D:1      | 1022 ||| READING scroll labelled PIXECVIMMA.
  1023 | D:1      | 1023 ||| READING scroll labelled PEZXAR DUFIEPI.
  1027 | D:1      | 1027 ||| READING scroll labelled ROHOUQ XAS ZYA.
  1028 | D:1      | 1028 ||| DROPPING scroll of poison.
  1047 | D:2      | Found a blossoming altar of Fedhas.
  1051 | D:2      | Reached XP level 3. HP: 29/29 MP: 3/3
  1187 | D:2      | Noticed Jessica
  1192 | D:2      | Killed Jessica
  1193 | D:2      | Reached skill level 4 in Ranged Weapons
  1223 | D:2      | Reached XP level 4. HP: 27/36 MP: 4/4
  1308 | D:2      | Noticed Terence
  1316 | D:2      | Killed Terence
  1317 | D:2      | Reached skill level 5 in Ranged Weapons
  1462 | D:2      | Identified the +2 leather armour "Imihor" {Fly rF+ Dex+3}
  1582 | D:2      | 1582 ||| SWAPPING to +0 shortbow.
  1583 | D:2      | 1583 ||| DROPPING +1 sling.
  1595 | D:2      | Reached skill level 3 in Fighting
  1595 | D:2      | Reached XP level 5. HP: 45/45 MP: 5/5
  1734 | D:2      | 1734 ||| UPGRADING to +0 ring mail.
  1744 | D:2      | 1744 ||| DROPPING +0 robe.
  1745 | D:2      | 1745 ||| UPGRADING to +2 leather armour "Imihor" {Fly rF+
                  | Dex+3}.
  1755 | D:2      | 1755 ||| DROPPING +0 ring mail.
  1756 | D:2      | 1756 ||| UPGRADING to +5 ring of evasion.
  1757 | D:2      | 1757 ||| UPGRADING to ring of see invisible.
  1758 | D:2      | 1758 ||| DRINKING 3 bubbling ruby potions.
  1759 | D:2      | 1759 ||| READING 4 scrolls of identify.
  1759 | D:2      | 1759 ||| IDENTIFYING bubbling cyan potion
  1760 | D:2      | 1760 ||| READING 3 scrolls of identify.
  1760 | D:2      | 1760 ||| IDENTIFYING emerald potion
  1761 | D:2      | 1761 ||| READING 2 scrolls of identify.
  1761 | D:2      | 1761 ||| IDENTIFYING pink potion
  1762 | D:2      | 1762 ||| DROPPING 2 potions of attraction.
  1763 | D:2      | 1763 ||| DROPPING potion of ambrosia.
  1764 | D:2      | 1764 ||| DROPPING potion of degeneration.
  1890 | D:3      | Found Qerep's Armour Shop.
  1895 | D:3      | 1895 ||| BUYING +0 pair of gloves (49 gold).
  1895 | D:3      | Bought a +0 pair of gloves for 49 gold pieces
  2076 | D:3      | Noticed Ijyb
  2079 | D:3      | 2079 ||| DRINKING potion of curing.
  2079 | D:3      | 2079 ||| (to cure confusion)
  2102 | D:3      | HP: 10/45 [gnoll/+0 spear (2)]
  2103 | D:3      | 2103 ||| READING 2 scrolls of teleportation.
  2103 | D:3      | HP: 4/45 [gnoll/+0 spear (5)]
  2104 | D:3      | HP: 1/45 [Ijyb/+0 dagger (3)]
  2105 | D:3      | Slain by Ijyb

Levels and vault maps discovered:
D:1:      psy_arrival_radial02, layout_basic, minmay_heptomino_d4
D:2:      layout_basic, basic_altar, minivault_27, uniq_terence, uniq_jessica
D:3:      layout_rooms, serial_shops, shop, nicolae_twisty_statue_hallways,
          uniq_crazy_yiuf_cottage, uniq_ijyb

Skill      XL: |  1  2  3  4 |
---------------+-------------+-----
Ranged Weapons | 3 4 5 |  5.2
Fighting       | 2 3 |  3.0
Dodging        | |  2.1
Spellcasting   | |  1.0
Hexes          | |  2.0

Action                     |  1- 3 |  4- 6 || total
---------------------------+-------+-------++-------
   Fire: Sling             |   104 |    48 ||   152
         Shortbow          |       |    29 ||    29
    Use: Scroll            |     3 |     4 ||     7
         Potion            |       |     2 ||     2
 Armour: Robe              |     9 |    14 ||    23
         Leather armour    |       |     5 ||     5
  Dodge: Dodged            |    24 |    52 ||    76

Table legend:
 A = Non-vault XP
 B = Vault XP
 C = Vault XP percentage of total XP
 D = Non-vault monster count
 E = Vault monster count
 F = Vault count percentage of total count
                 A         B        C        D         E       F
            +---------+---------+-------+---------+---------+-------
      Total |     141 |      78 |  35.6 |      47 |       5 |   9.6
            +---------+---------+-------+---------+---------+-------
        D:1 |      35 |       5 |  12.5 |      19 |       3 |  13.6
        D:2 |      96 |      73 |  43.2 |      23 |       2 |   8.0
        D:3 |      10 |       0 |   0.0 |       5 |       0 |   0.0
            +---------+---------+-------+---------+---------+-------
